 Dungeon Crawl Stone Soup version 0.16-a0-3354-g045d5c7 (webtiles) character file.

130 BluebellGnoll the Sneak (level 5, 0/31 HPs)
             Began as an Octopode Wanderer on Dec 29, 2014.
             Slain by a centaur (9 damage)
             ... on level 4 of the Dungeon.
             The game lasted 00:11:06 (2377 turns).

BluebellGnoll the Sneak (Octopode Wanderer)         Turns: 2377, Time: 00:11:06

Health: 0/31       AC:  1    Str: 10    XL:     5   Next: 13%
Magic:  7/7        EV: 12    Int: 13    God:
Gold:   129        SH:  0    Dex: 15    Spells: 2 memorised, 2 levels left

rFire  . . .     SeeInvis +     e - +1 dagger
rCold  . . .     Clarity  .     (no shield)
rNeg   . . .     SustAb   .     (helmet restricted)
rPois  .         Gourm    .     (no amulet)
rElec  .         Spirit   .     l - ring of see invisible
rCorr  .         Warding  .     o - ring of teleportation (curse)
rMut   .         Rnd*Tele +     (no ring)
MR     .....                    (no ring)
Stlth  ++++......               (no ring)
                                (no ring)
                                (no ring)
                                (no ring)

@: not resistant to hostile enchantments, stealthy
A: almost no armour, amphibious, 8 rings, constrict 8, camouflage 1, gelatinous
body 1
a: Evoke Teleportation


You were on level 4 of the Dungeon.
You were hungry.

You visited 1 branch of the dungeon, and saw 4 of its levels.

You collected 129 gold pieces.

Inventory:

Hand weapons
 e - a +1 dagger (weapon)
 i - a cursed -2 hunting sling
 p - a +0 hunting sling
Missiles
 h - 47 arrows
 n - 19 sling bullets
Jewellery
 l - a ring of see invisible (left tentacle)
 o - a cursed ring of teleportation (right tentacle)
Magical devices
 r - a wand of confusion (32)
Scrolls
 d - a scroll of amnesia
 q - a scroll of teleportation
 t - a scroll of identify
Potions
 b - 3 potions of curing
 c - a potion of lignification
 k - a potion of magic
 m - 2 potions of agility
 u - a potion of heal wounds {unknown}
 v - 3 potions of might {unknown}
 w - a potion of invisibility {unknown}
Books
 a - a book of Minor Magic

   Spells                             Type                      Level
   a - Magic Dart                     Conjuration                  1
   b - Blink                          Translocation                2
   c - Call Imp                       Summoning                    2
   d - Repel Missiles                 Charms/Air                   2
   e - Slow                           Hexes                        2
   f - Conjure Flame                  Conjuration/Fire             3
   g - Mephitic Cloud                 Conjuration/Poison/Air       3
Comestibles
 f - 2 bread rations
 g - a meat ration
 j - 2 chunks of flesh
 s - 2 beef jerkies
 x - a royal jelly


   Skills:
 - Level 3.0 Short Blades
 - Level 1.0 Throwing
 - Level 2.0 Dodging
 - Level 5.1 Stealth
 - Level 1.0 Spellcasting
 - Level 2.0 Conjurations
   Level 1.0 Necromancy
   Level 1.0 Earth Magic
 + Level 2.2 Poison Magic


You had 2 spell levels left.
You knew the following spells:

 Your Spells              Type           Power        Failure   Level  Hunger
a - Magic Dart            Conj           #...         14%         1    ##.....
g - Mephitic Cloud        Conj/Pois/Air  #.......     52%         3    ####...


Dungeon Overview and Level Annotations

Branches:
Dungeon (4/15)
 Temple: D:4-7

Altars:
Qazlal
Xom


Innate Abilities, Weirdness & Mutations

You cannot wear most types of armour.
You are amphibious.
You can wear up to eight rings at the same time.
You can use your tentacles to constrict many enemies at once.
Your skin changes colour to match your surroundings (Stealth).
Your rubbery body absorbs attacks (AC +1).


Message History

The centaur hits you.
* * * LOW HITPOINT WARNING * * *
The centaur barely misses you.
Evoke which item? (* to show all) (? for menu, Esc to quit)
Zapping:
r - a wand of confusion (33)
Press: ? - help, Shift-Dir - straight line, f/p - centaur
Aim: a centaur (chance 46%)
The centaur appears confused.
This wand has 32 charges left.
You are too injured to fight recklessly!
You are too injured to fight recklessly!
You hit the centaur.
The centaur is lightly wounded.
You hit the centaur but do no damage. You squeeze the centaur.
The centaur is moderately wounded.
Some of the chunks of flesh in your inventory have rotted away.
You hit the centaur.
You squeeze the centaur, but do no damage.
The centaur is moderately wounded.
The centaur closely misses you. The centaur hits you!
You die...

. ... ....# ....# ##+##
....+ #...#+#....#+
+....c........
#....@........
##+##+#.............
#.........#'#.....#+
#.........#(#.....#
#.......).'.# ....#
#.........#.......+
######.........#.......
.##..##'#####'#####....
........>.......# .r..


You could see a centaur (confused).

Vanquished Creatures
  7 adders
  3 worms
  2 orcs (D:3)
  5 goblins
  6 hobgoblins
  2 quokkas (D:2)
  A ball python (D:3)
  10 bats
  2 giant newts
  4 jackals (D:3)
  4 kobolds
  7 rats
53 creatures vanquished.

Vanquished Creatures (others)
  A kobold (D:2)
1 creature vanquished.

Grand Total: 54 creatures vanquished

Notes
Turn   | Place    | Note
--------------------------------------------------------------
     0 | D:1      | BluebellGnoll, the Octopode Wanderer, began the quest for the Orb.
     0 | D:1      | BluebellGnoll set off with: a book of Minor Magic, a potion of curing, a potion of lignification, a +0 dagger, a bread ration
     0 | D:1      | Reached XP level 1. HP: 11/11 MP: 2/2
   501 | D:2      | Found a shimmering altar of Xom.
   508 | D:2      | Reached XP level 2. HP: 9/17 MP: 3/3
   817 | D:2      | Reached skill level 4 in Stealth
  1117 | D:2      | Reached XP level 3. HP: 19/21 MP: 4/4
  1120 | D:2      | Learned a level 1 spell: Magic Dart
  1341 | D:2      | Reached skill level 5 in Stealth
  1487 | D:2      | Found a stormy altar of Qazlal.
  1562 | D:3      | Reached skill level 1 in Conjurations
  1562 | D:3      | Reached XP level 4. HP: 24/27 MP: 5/5
  2100 | D:3      | Learned a level 3 spell: Mephitic Cloud
  2174 | D:3      | Reached skill level 1 in Poison Magic
  2249 | D:3      | Reached XP level 5. HP: 29/31 MP: 7/7
  2365 | D:4      | Noticed a centaur
  2377 | D:4      | Slain by a centaur

Action                   |  1- 3 |  4- 6 || total
-------------------------+-------+-------++-------
Melee: Dagger            |    62 |    58 ||   120
Evoke: Wand              |     4 |     8 ||    12
  Use: Scroll            |     7 |     2 ||     9
       Potion            |       |     1 ||     1
 Stab: Sleeping          |     5 |     8 ||    13
       Confused          |     1 |       ||     1
  Eat: Chunk             |     2 |     2 ||     4
